[Event "Titled Tuesday Blitz February 28 Early 2023"]
[White "Costachi, Mihnea"]
[Black "Vokhidov, Shamsiddin"]
[WhiteFideId "1217518"]
[BlackFideId "14204223"]
[WhiteElo "2456"]
[BlackElo "2570"]
[Result "0-1"]
[Round "06"]
[TimeControl "180+2"]
[Date "2023.02.28"]
[WhiteClock "0:00:09"]
[BlackClock "0:01:56"]

1. d4 Nf6 2. c4 e6 3. Nf3 d5 4. Nc3 Bb4 5. cxd5 exd5 6. Bg5 Nbd7 7. e3 c5 8. Bd3 Qa5 9. Qc2 c4 10. Bf5 O-O 11. O-O Re8 12. a3 Bxc3 13. bxc3 Ne4 14. Rfc1 Nb6 15. Bxc8 Raxc8 16. a4 a6 17. Bf4 f6 18. Nd2 Nxd2 19. Qxd2 Nxa4 20. f3 b5 21. Qc2 g5 22. Bd6 Qb6 23. Rxa4 bxa4 24. Bc5 Rxc5 25. dxc5 Qxc5 26. h3 Qxe3+ 27. Kh1 a3 28. Ra1 Qe2 29. Qf5 Qe5 30. Qd7 Rb8 31. f4 Qxc3 32. Qxd5+ Kh8 33. Rd1 a2 34. Qd6 Re8 35. Qxa6 Re1+ 36. Rxe1 Qxe1+ 37. Kh2 a1=Q 38. Qc8+ Kg7 39. Qd7+ Kf8 40. Qd8+ Qe8 41. Qxf6+ Qxf6 0-1


[Site "https://www.chess.com"]

[Event "Titled Tuesday Blitz February 28 Early 2023"]
[White "Kucuksari, Kaan"]
[Black "Timofeev, Artyom"]
[WhiteFideId "6380166"]
[BlackFideId "4140419"]
[WhiteElo "2364"]
[BlackElo "2586"]
[Result "0-1"]
[Round "06"]
[TimeControl "180+2"]
[Date "2023.02.28"]
[WhiteClock "0:00:03"]
[BlackClock "0:00:54"]

1. d4 Nf6 2. Bg5 e6 3. e4 h6 4. Bxf6 Qxf6 5. c3 d6 6. Bd3 Nc6 7. Ne2 e5 8. O-O Be7 9. d5 Nb8 10. f4 exf4 11. Rxf4 Qe5 12. Nd2 g6 13. Nf3 Qg7 14. Ned4 O-O 15. Qe1 Nd7 16. Qg3 Ne5 17. Be2 Bd7 18. Rf1 c5 19. Nc2 f5 20. exf5 Rxf5 21. Rxf5 gxf5 22. Qxg7+ Kxg7 23. Nxe5 dxe5 24. Ne3 Rf8 25. Nc4 e4 26. Ne5 Be8 27. Nc4 b5 28. Ne5 c4 29. Rd1 Bd6 30. Nc6 f4 31. Nd4 Bd7 32. Ne6+ Bxe6 33. dxe6 Bc5+ 34. Kh1 f3 35. gxf3 exf3 36. Bf1 Kf6 37. Bh3 Rg8 38. Rf1 f2 39. Bg2 Kxe6 40. h3 Ke5 41. Kh2 Kf4 42. a4 bxa4 43. Bd5 Rg1 44. Bxc4 Rxf1 45. Bxf1 a5 46. Kg2 Ke3 47. Bb5 a3 48. bxa3 Bxa3 49. Kf1 Bc5 50. c4 Kd2 51. Bc6 Kc3 52. Be4 a4 0-1


[Site "https://www.chess.com"]

[Event "Titled Tuesday Blitz February 28 Early 2023"]
[White "Rustemov, Alexander"]
[Black "Darini, Pouria"]
[WhiteFideId "4119002"]
[BlackFideId "12502200"]
[WhiteElo "2896"]
[BlackElo "2482"]
[Result "0-1"]
[Round "06"]
[TimeControl "180+2"]
[Date "2023.02.28"]
[WhiteClock "0:00:02"]
[BlackClock "0:00:06"]

1. d4 Nf6 2. c4 e6 3. Nf3 d5 4. Nc3 c6 5. e3 Nbd7 6. Qc2 Bd6 7. b3 O-O 8. Be2 b6 9. O-O Bb7 10. Bb2 Qe7 11. Rad1 Rad8 12. Rfe1 Rfe8 13. g3 Qf8 14. Bf1 Ba3 15. Bg2 Bxb2 16. Qxb2 c5 17. cxd5 Nxd5 18. Nxd5 Bxd5 19. Qa3 cxd4 20. Qxf8+ Kxf8 21. Nxd4 Nc5 22. Nb5 Bxg2 23. Kxg2 a6 24. Nd4 Rd6 25. b4 Na4 26. Rc1 b5 27. Rc7 Nb2 28. Rec1 Nd3 29. Rb1 e5 30. Nf3 Rf6 31. Rf1 Nxb4 32. a3 Nd3 33. Ng5 Kg8 34. Ne4 Rfe6 35. g4 Rg6 36. h3 f5 37. Ng3 fxg4 38. hxg4 Rxg4 39. Rd1 e4 40. Kf1 Rf8 41. Nxe4 Ne5 42. f4 Nc4 43. Kf2 Re8 44. Kf3 h5 45. Rdd7 Rg1 46. Ng5 Rxg5 47. fxg5 Ne5+ 48. Kf4 Nxd7 49. Rxd7 Kh7 50. e4 Rf8+ 51. Kg3 Kg6 52. Rd5 Rf1 53. a4 bxa4 54. Ra5 Rg1+ 55. Kf4 Rg4+ 56. Kf3 Rxg5 57. Rxa6+ Kh7 58. Rxa4 Rg1 59. e5 g5 60. Ke4 Kg6 61. Ra6+ Kg7 62. Kf5 h4 63. Ra7+ Kh6 64. e6 h3 65. e7 Re1 66. Kf6 h2 67. Ra8 Rf1+ 68. Ke6 h1=Q 69. Rh8+ Kg7 70. Rxh1 Rxh1 71. e8=Q Re1+ 72. Kd7 Rxe8 73. Kxe8 g4 0-1


[Site "https://www.chess.com"]

[Event "Titled Tuesday Blitz February 28 Early 2023"]
[White "Bernadskiy, Vitaliy"]
[Black "Weetik, Vjacheslav"]
[WhiteFideId "14100371"]
[BlackFideId "4153472"]
[WhiteElo "2488"]
[BlackElo "2469"]
[Result "1-0"]
[Round "06"]
[TimeControl "180+2"]
[Date "2023.02.28"]
[WhiteClock "0:01:01"]
[BlackClock "0:00:02"]

1. e4 c6 2. Ne2 d5 3. e5 c5 4. d4 Nc6 5. c3 cxd4 6. cxd4 Bf5 7. Nbc3 e6 8. Ng3 Bg6 9. h4 f6 10. h5 Bf7 11. Bb5 fxe5 12. dxe5 Bc5 13. Qg4 Ne7 14. O-O Qc7 15. Bf4 O-O 16. Rac1 Bd4 17. Bxc6 Nxc6 18. Nb5 Qb6 19. Nxd4 Qxd4 20. h6 Bg6 21. Qxe6+ Rf7 22. Be3 Qxe5 23. Rxc6 Qxb2 24. Rc7 Rf8 25. hxg7 Qxg7 26. Qxd5 1-0


[Site "https://www.chess.com"]

[Event "Titled Tuesday Blitz February 28 Early 2023"]
[White "Perez Ponsa, Federico"]
[Black "Kim, Sergey"]
[WhiteFideId "117927"]
[BlackFideId "13700570"]
[WhiteElo "2592"]
[BlackElo "2634"]
[Result "1-0"]
[Round "06"]
[TimeControl "180+2"]
[Date "2023.02.28"]
[WhiteClock "0:00:43"]
[BlackClock "0:00:35"]

1. e4 e5 2. Nf3 Nc6 3. d4 exd4 4. Nxd4 Bc5 5. Nb3 Bb6 6. Nc3 d6 7. Qe2 Nf6 8. Be3 Be6 9. O-O-O Qe7 10. g3 O-O-O 11. Bg2 Rhe8 12. Rhe1 h6 13. h3 Kb8 14. Kb1 Ne5 15. Bxb6 axb6 16. f4 Nc6 17. Qb5 Bd7 18. Qd3 Bc8 19. a3 g5 20. Qf3 gxf4 21. gxf4 Rg8 22. Nd5 Qe6 23. Bf1 Ne8 24. Qc3 Qg6 25. a4 Qg3 26. Re3 Qf2 27. Bb5 Rg1 28. Rxg1 Qxg1+ 29. Re1 Qf2 30. Rf1 Qg2 31. Re1 Qxh3 32. Re3 Qh1+ 33. Ka2 Bd7 34. a5 bxa5 35. Nxa5 Nxa5 36. Qxa5 Bxb5 37. Qxb5 Qg1 38. Rb3 Qa7+ 39. Ra3 Qc5 40. Qa4 Qc4+ 41. Qxc4 1-0


[Site "https://www.chess.com"]

[Event "Titled Tuesday Blitz February 28 Early 2023"]
[White "Livaic, Leon"]
[Black "Garakov, Mikhael"]
[WhiteFideId "14531534"]
[BlackFideId "4169034"]
[WhiteElo "2509"]
[BlackElo "2347"]
[Result "1-0"]
[Round "06"]
[TimeControl "180+2"]
[Date "2023.02.28"]
[WhiteClock "0:00:44"]
[BlackClock "0:00:03"]

1. d4 Nf6 2. Bg5 g6 3. Bxf6 exf6 4. g3 Bg7 5. Bg2 O-O 6. e3 f5 7. Ne2 d6 8. c4 Nd7 9. Nbc3 Nf6 10. b4 c6 11. O-O h5 12. b5 Bd7 13. bxc6 bxc6 14. Rb1 h4 15. Qa4 hxg3 16. hxg3 Ng4 17. Bf3 Qg5 18. Kg2 Rfd8 19. Bxc6 Bxc6+ 20. Qxc6 Rac8 21. Qd5 Nf6 22. Qb5 d5 23. cxd5 f4 24. exf4 Qf5 25. Rbd1 Nxd5 26. Nxd5 Rxd5 27. Qd3 Qe6 28. Qe3 Qc6 29. Qf3 Qd7 30. Rd2 Rd8 31. Rfd1 Qd6 32. Nc3 Ra5 33. d5 Ra3 34. Nb5 Rxf3 35. Nxd6 Ra3 36. Nb7 Rd7 37. Nc5 Rc7 38. Ne4 1-0


[Site "https://www.chess.com"]

[Event "Titled Tuesday Blitz February 28 Early 2023"]
[White "Krstulovic, Alex"]
[Black "Madaminov, Mukhiddin"]
[WhiteFideId "760056"]
[BlackFideId "14210703"]
[WhiteElo "2311"]
[BlackElo "2511"]
[Result "0-1"]
[Round "06"]
[TimeControl "180+2"]
[Date "2023.02.28"]
[WhiteClock "0:00:07"]
[BlackClock "0:00:04"]

1. d4 Nf6 2. Nf3 g6 3. c4 b6 4. Bf4 Bg7 5. Nc3 Bb7 6. Qc2 O-O 7. e4 d6 8. Rd1 Nbd7 9. Be2 a6 10. h4 c5 11. d5 b5 12. cxb5 axb5 13. Bxb5 Qa5 14. a4 Ba6 15. Bc6 Rab8 16. Bd2 Qb6 17. Nb5 Bb7 18. h5 Bxc6 19. dxc6 Qxc6 20. hxg6 hxg6 21. Rh4 Nb6 22. b3 c4 23. Ng5 Qc5 24. b4 Qc6 25. Nc3 Nbd7 26. b5 Qa8 27. Be3 Ne5 28. f3 Nd3+ 29. Ke2 Rbc8 30. Rdh1 e5 31. Nh7 Nxh7 32. Rxh7 f5 33. Nd5 Rf7 34. Qd2 Rcf8 35. Bh6 fxe4 36. Bxg7 exf3+ 37. gxf3 Qxd5 38. Bxf8 Qxf3# 0-1


[Site "https://www.chess.com"]

[Event "Titled Tuesday Blitz February 28 Early 2023"]
[White "Fedoseev, Vladimir"]
[Black "Manukyan, Sargis V."]
[WhiteFideId "24130737"]
[BlackFideId "13303465"]
[WhiteElo "2752"]
[BlackElo "2236"]
[Result "1-0"]
[Round "06"]
[TimeControl "180+2"]
[Date "2023.02.28"]
[WhiteClock "0:00:13"]
[BlackClock "0:00:14"]

1. e4 e6 2. d4 d5 3. Nc3 Bb4 4. e5 c5 5. a3 Bxc3+ 6. bxc3 Ne7 7. Qg4 O-O 8. Bd3 Nbc6 9. Nf3 f5 10. exf6 Rxf6 11. Qh5 h6 12. O-O c4 13. Be2 Bd7 14. Re1 Be8 15. Qh3 Bg6 16. Bd1 Nf5 17. g4 Nd6 18. g5 Bf5 19. Qg2 hxg5 20. Bxg5 Ne4 21. Bxf6 Qxf6 22. Re3 Rf8 23. h4 Qh6 24. Ng5 Qxh4 25. Nxe4 Bxe4 26. Bf3 Bf5 27. Qg3 Qe7 28. Bxd5 Rf6 29. Kf1 Rg6 30. Qf3 Qg5 31. Bxc4 Qg1+ 32. Ke2 Qxa1 33. Qxf5 Rf6 34. Bxe6+ Kf8 35. Qc5+ Ne7 36. Bb3 Rf7 37. Bxf7 1-0


[Site "https://www.chess.com"]

[Event "Titled Tuesday Blitz February 28 Early 2023"]
[White "Makarian, Rudik"]
[Black "Matinian, Nikita"]
[WhiteFideId "44105681"]
[BlackFideId "24129100"]
[WhiteElo "2419"]
[BlackElo "2422"]
[Result "1-0"]
[Round "06"]
[TimeControl "180+2"]
[Date "2023.02.28"]
[WhiteClock "0:01:28"]
[BlackClock "0:02:01"]

1. d4 Nf6 2. c4 g6 3. Nc3 Bg7 4. e4 O-O 5. Be2 d6 6. Be3 Nbd7 7. Nf3 e5 8. O-O Qe7 9. d5 Nc5 10. Nd2 a5 11. b3 b6 12. a3 Bd7 13. b4 Nb7 14. Nb3 a4 15. Nd2 Ne8 16. Qc2 f5 17. f3 f4 18. Bf2 g5 19. Nb5 h5 20. c5 bxc5 21. bxc5 Nxc5 22. Bxc5 dxc5 23. Rfc1 g4 24. Qxc5 Qh4 25. Nxc7 g3 26. Nf1 gxh2+ 27. Nxh2 Qg5 28. Nxa8 Nf6 29. Nb6 Bh3 30. Bf1 h4 31. d6 Nxe4 32. Qd5+ 1-0


[Site "https://www.chess.com"]

[Event "Titled Tuesday Blitz February 28 Early 2023"]
[White "Babazada, Khazar"]
[Black "Subelj, Jan"]
[WhiteFideId "13413554"]
[BlackFideId "14618583"]
[WhiteElo "2359"]
[BlackElo "2480"]
[Result "1-0"]
[Round "06"]
[TimeControl "180+2"]
[Date "2023.02.28"]
[WhiteClock "0:00:17"]
[BlackClock "0:00:28"]

1. Nf3 Nf6 2. g3 b6 3. Bg2 Bb7 4. O-O g6 5. d3 Bg7 6. e4 O-O 7. Nc3 c5 8. h4 d6 9. Bd2 Nc6 10. Qc1 e5 11. Bh6 Ng4 12. Bxg7 Kxg7 13. Nd5 Nf6 14. Ne3 h5 15. c3 Re8 16. Ng5 Ng4 17. Nh3 Qe7 18. Nd5 Qd8 19. f4 Ne7 20. Nxe7 Qxe7 21. f5 f6 22. fxg6 Kxg6 23. Bf3 Bc8 24. Bxg4 Bxg4 25. Nf2 Be6 26. Nd1 Rg8 27. Ne3 Kf7 28. Kh2 Rg6 29. Qd1 Rh8 30. Qe2 Qd7 31. Nf5 d5 32. Rf2 c4 33. dxc4 dxe4 34. Raf1 Qd3 35. Qe1 Bxf5 36. Rxf5 Ke6 37. Qf2 Rf8 38. Rxh5 e3 39. Qf3 Rfg8 40. Rh7 Rxg3 41. Qxf6# 1-0


[Site "https://www.chess.com"]

[Event "Titled Tuesday Blitz February 28 Early 2023"]
[White "Sanal, Vahap"]
[Black "Rostomyan, Mikayel"]
[WhiteFideId "6300545"]
[BlackFideId "13313754"]
[WhiteElo "2605"]
[BlackElo "2009"]
[Result "0-1"]
[Round "06"]
[TimeControl "180+2"]
[Date "2023.02.28"]
[WhiteClock "0:00:09"]
[BlackClock "0:00:09"]

1. Nf3 d5 2. b3 Nf6 3. Bb2 Bf5 4. g3 e6 5. Bg2 h6 6. O-O Be7 7. d3 c6 8. Nbd2 O-O 9. Re1 Bh7 10. e4 Nbd7 11. Qe2 a5 12. a4 dxe4 13. dxe4 Nc5 14. Rad1 Qc7 15. e5 Nd5 16. Nc4 Nb4 17. Rd2 Ne4 18. Rdd1 Nc5 19. Nd4 Rad8 20. Rd2 Rd7 21. Nd6 Bxd6 22. exd6 Rxd6 23. Qe5 Nd7 24. Qxg7+ Kxg7 25. Nf5+ Kg6 26. Ne7+ Kg5 27. h4+ Kg4 28. Re3 Rxd2 29. Bf3+ Kh3 30. Bg2+ Kg4 31. Bc1 Rd1+ 32. Kh2 Qf4 33. Bh3+ Kh5 34. gxf4 Rxc1 35. Rg3 Bf5 36. Bxf5 exf5 37. Nxf5 Nf6 38. Kh3 Rg8 39. Ng7+ Rxg7 40. Rxg7 Rh1+ 41. Kg2 Rc1 42. Rxf7 Ng4 43. Rf5+ Kxh4 44. Rxa5 Rxc2 45. Kf3 Nd3 46. Ke4 Ndxf2+ 47. Kf5 Rd2 48. Kg6 Rd6+ 49. Kh7 Rd5 50. Ra7 h5 51. Rxb7 Kg3 52. b4 h4 53. Rc7 Rd4 54. Rxc6 Rxb4 55. a5 h3 56. a6 Ra4 57. f5 h2 0-1


[Site "https://www.chess.com"]

[Event "Titled Tuesday Blitz February 28 Early 2023"]
[White "Zhigalko, Sergei"]
[Black "Belozerov, Andrei"]
[WhiteFideId "13502956"]
[BlackFideId "4120213"]
[WhiteElo "2626"]
[BlackElo "2360"]
[Result "1-0"]
[Round "06"]
[TimeControl "180+2"]
[Date "2023.02.28"]
[WhiteClock "0:00:03"]
[BlackClock "0:00:04"]

1. e4 c5 2. Nf3 Nc6 3. c3 Nf6 4. e5 Nd5 5. Bc4 Nb6 6. Bb3 g6 7. d4 cxd4 8. Ng5 d5 9. exd6 e6 10. Qf3 f6 11. Nxe6 Bxe6 12. Bxe6 Bxd6 13. Qh3 f5 14. O-O Qf6 15. Re1 Be5 16. cxd4 Nxd4 17. Bb3 O-O-O 18. Nc3 Rhe8 19. Be3 Kb8 20. Rad1 h5 21. f4 Bc7 22. Qg3 Ne6 23. Qf2 Rxd1 24. Rxd1 Rd8 25. g3 h4 26. Nb5 Rxd1+ 27. Bxd1 hxg3 28. hxg3 Nd8 29. Nxc7 Kxc7 30. Bd4 Qc6 31. Bc3 Ne6 32. Bf3 Qc5 33. Be5+ Kc8 34. a3 Nc4 35. Qxc5+ Nxc5 36. Bd4 Ne6 37. Bc3 Nc7 38. Kg2 Nd6 39. Kh3 Kd7 40. Kh4 Ne6 41. Be5 Ne4 42. Kh3 g5 43. Kg2 gxf4 44. gxf4 Kc6 45. Be2 Kd5 46. Bd1 Nd4 47. Bh5 b5 48. Bf7+ Kc5 49. Bg6 Kd5 50. Bxd4 Kxd4 51. Bxf5 1-0


[Site "https://www.chess.com"]

[Event "Titled Tuesday Blitz February 28 Early 2023"]
[White "Kravtsiv, Martyn"]
[Black "Averjanov, Alexey"]
[WhiteFideId "14113147"]
[BlackFideId "14109867"]
[WhiteElo "2695"]
[BlackElo "2656"]
[Result "1/2-1/2"]
[Round "06"]
[TimeControl "180+2"]
[Date "2023.02.28"]
[WhiteClock "0:00:32"]
[BlackClock "0:00:24"]

1. e4 c6 2. Nf3 d5 3. d3 Qc7 4. Nc3 dxe4 5. Nxe4 Bg4 6. h3 Bh5 7. Qe2 Nd7 8. Bd2 Ngf6 9. Nxf6+ Nxf6 10. g4 Bg6 11. Ne5 e6 12. O-O-O Be7 13. Kb1 Nd7 14. Nxg6 hxg6 15. Bg2 O-O-O 16. d4 Nf6 17. Bc1 Rd7 18. Rd3 Rhd8 19. Rhd1 Nd5 20. c4 Nf4 21. Bxf4 Qxf4 22. Rf3 Rxd4 23. Rxf4 Rxd1+ 24. Kc2 R1d2+ 25. Qxd2 Rxd2+ 26. Kxd2 Bg5 27. Kd3 Bxf4 28. Bf1 Kc7 29. c5 Be5 30. b4 f5 31. Be2 Bh2 32. Kc4 Bg1 33. f3 Be3 34. a4 Bd2 35. Bd1 Be1 36. Bc2 Kd7 37. Bb3 a6 38. b5 axb5+ 39. axb5 e5 40. bxc6+ bxc6 41. Bc2 Ke6 42. Ba4 Kd7 43. Bc2 Ke6 44. Ba4 Kd7 45. Bb3 Bf2 46. Ba4 Bg1 47. Bc2 Ke6 48. Ba4 Kd7 49. Bc2 Ke6 50. Ba4 Kd7 1/2-1/2


[Site "https://www.chess.com"]

[Event "Titled Tuesday Blitz February 28 Early 2023"]
[White "Spata, German"]
[Black "Indjic, Aleksandar"]
[WhiteFideId "113026"]
[BlackFideId "911925"]
[WhiteElo "2238"]
[BlackElo "2625"]
[Result "0-1"]
[Round "06"]
[TimeControl "180+2"]
[Date "2023.02.28"]
[WhiteClock "0:00:03"]
[BlackClock "0:00:19"]

1. Nf3 Nf6 2. b3 d5 3. Bb2 Bf5 4. e3 h6 5. c4 e6 6. Be2 Nbd7 7. O-O c6 8. cxd5 exd5 9. d3 Bh7 10. a3 Bd6 11. Re1 O-O 12. Nbd2 Re8 13. Qc2 a5 14. Bf1 Nc5 15. Qc3 Bf8 16. Qc2 Nfd7 17. b4 Ne6 18. Bc3 b6 19. bxa5 b5 20. Qb2 Ndc5 21. Ne5 Qc7 22. d4 Na4 23. Qc1 f6 24. Nd3 Bd6 25. h3 Ng5 26. Bb4 h5 27. Nc5 Bxc5 28. Bxc5 Rxa5 29. Bb4 Ra7 30. Nb3 Be4 31. Nc5 Nxc5 32. Bxc5 Ra4 33. Bb4 Qd7 34. f4 Ne6 35. Qd1 g6 36. Rc1 Ng7 37. Bd3 h4 38. Bxe4 Rxe4 39. Qc2 Ra6 40. Qc5 Ne6 41. Qc2 Ng7 42. Qc5 Kh7 43. Qf8 Qe6 44. Kh1 Nf5 45. Bd2 Ng7 46. Bb4 Nh5 47. Bd2 Ng3+ 48. Kg1 Nf5 49. Ra1 Qe7 50. Qxe7+ Rxe7 51. Kf2 Kg7 52. Bb4 Re6 53. Rac1 Ng3 54. Kf3 Kf7 55. Rc2 Ke8 56. Rec1 Kd7 57. Be1 Nf5 58. Bd2 Rxa3 59. Rc3 Ra6 60. Be1 Re8 61. Bf2 Rc8 62. R1c2 Ra4 63. Rb3 Rca8 64. Rbc3 Rc4 65. Rc1 Ra2 66. Be1 Ke6 0-1


[Site "https://www.chess.com"]

[Event "Titled Tuesday Blitz February 28 Early 2023"]
[White "Koelle, Tobias"]
[Black "Volkov, Maksim"]
[WhiteFideId "16207378"]
[BlackFideId "54123070"]
[WhiteElo "2497"]
[BlackElo "2328"]
[Result "1-0"]
[Round "06"]
[TimeControl "180+2"]
[Date "2023.02.28"]
[WhiteClock "0:00:51"]
[BlackClock "0:00:03"]

1. b3 e5 2. Bb2 Nc6 3. c4 Nf6 4. e3 g6 5. Nf3 d6 6. d4 e4 7. Nfd2 Bg7 8. Nc3 Bf5 9. Be2 h5 10. O-O O-O 11. a3 a5 12. Nb5 Re8 13. Bc3 Bg4 14. h3 Bxe2 15. Qxe2 Ne7 16. d5 Nf5 17. Nd4 Nd7 18. Nb5 Nf6 19. b4 axb4 20. axb4 Qe7 21. Qd1 Nh4 22. Kh1 c6 23. dxc6 bxc6 24. Nd4 Qd7 25. Qe2 Rxa1 26. Rxa1 Nh7 27. Nf1 Ng5 28. Nh2 Nxg2 29. Rg1 Qxh3 30. Rxg2 Nf3 31. Be1 Nxd4 32. exd4 Bxd4 33. Bd2 Qd3 34. Qxd3 exd3 35. Rg3 Re2 36. Rxd3 Be5 37. Nf3 Bg7 38. Be3 Bf8 39. b5 cxb5 40. cxb5 Rb2 41. b6 f5 42. Nd2 Kf7 43. Rb3 1-0


[Site "https://www.chess.com"]

[Event "Titled Tuesday Blitz February 28 Early 2023"]
[White "Diaz Perez, Michel Alejandro"]
[Black "Sasikiran, Krishnan"]
[WhiteFideId "3517179"]
[BlackFideId "5004985"]
[WhiteElo "2333"]
[BlackElo "2567"]
[Result "0-1"]
[Round "06"]
[TimeControl "180+2"]
[Date "2023.02.28"]
[WhiteClock "0:00:12"]
[BlackClock "0:00:49"]

1. d4 Nf6 2. c4 e6 3. Nf3 d5 4. Nc3 c6 5. e3 Nbd7 6. Be2 Bd6 7. O-O O-O 8. b3 b6 9. Bb2 Bb7 10. Rc1 Qe7 11. Qd2 Rad8 12. Rfd1 Ne4 13. Qc2 f5 14. Bd3 Rf6 15. Ne2 Rh6 16. g3 Ndf6 17. Nf4 Ng4 18. Rf1 g5 19. Ng2 Rh3 20. Ne5 Bxe5 21. dxe5 Nxh2 22. Rfd1 Qf7 23. Qe2 Rf8 24. Ne1 Ng4 25. cxd5 Rh1+ 26. Kg2 Rh2+ 27. Kg1 exd5 28. Bxe4 fxe4 29. Rc2 Qh5 0-1


[Site "https://www.chess.com"]

[Event "Titled Tuesday Blitz February 28 Early 2023"]
[White "Acor, Corey"]
[Black "Alvarez Calzadilla, Jose Avelino"]
[WhiteFideId "2024861"]
[BlackFideId "3526151"]
[WhiteElo "2341"]
[BlackElo "2310"]
[Result "1-0"]
[Round "06"]
[TimeControl "180+2"]
[Date "2023.02.28"]
[WhiteClock "0:00:07"]
[BlackClock "0:00:05"]

1. e4 e5 2. Nc3 Nf6 3. g3 Bc5 4. Bg2 c6 5. d3 O-O 6. Nf3 d5 7. Nxe5 dxe4 8. dxe4 Qxd1+ 9. Nxd1 Re8 10. Nd3 Nxe4 11. Nxc5 Nxc5+ 12. Be3 Bf5 13. O-O Nbd7 14. b3 Rad8 15. Nb2 Be4 16. Rad1 Bxg2 17. Kxg2 Ne4 18. a4 b6 19. Nc4 Ndc5 20. Rxd8 Rxd8 21. a5 Nf6 22. axb6 axb6 23. Nxb6 Nce4 24. Ra1 h5 25. Ra6 Ng4 26. Nc4 Nxe3+ 27. Nxe3 Rd2 28. Rxc6 Rxf2+ 29. Kg1 Re2 30. Nf5 Ng5 31. Nd4 Rd2 32. c3 Nh3+ 33. Kf1 Rxh2 34. b4 Rf2+ 35. Ke1 Rb2 36. Rc8+ Kh7 37. b5 g5 38. c4 h4 39. gxh4 g4 40. Nf5 Nf4 41. Kd1 Nd3 42. Rd8 Nf2+ 43. Kc1 Rb4 44. Rc8 Kg6 45. Ng3 f5 46. Rc6+ Kh7 47. Nxf5 Nd3+ 48. Kd2 Ne5 49. Rc7+ Kg6 50. Ne3 g3 51. Kc3 Rb1 52. Re7 Nf3 53. Re6+ Kf7 54. Re4 Rc1+ 55. Kb4 Rb1+ 56. Kc5 Nd2 57. Rf4+ Kg7 58. Rg4+ Kf7 59. Rf4+ Ke7 60. Nf5+ Kd8 61. Nxg3 Nb3+ 62. Kb6 Rg1 63. Rf8+ Ke7 64. Rg8 Nd4 65. Nf5+ Nxf5 66. Rxg1 Nxh4 67. Rg4 Kd7 68. Rxh4 1-0


[Site "https://www.chess.com"]

[Event "Titled Tuesday Blitz February 28 Early 2023"]
[White "Amin, Bassem"]
[Black "Ambartsumova, Karina"]
[WhiteFideId "10601457"]
[BlackFideId "4166299"]
[WhiteElo "2690"]
[BlackElo "2319"]
[Result "1-0"]
[Round "06"]
[TimeControl "180+2"]
[Date "2023.02.28"]
[WhiteClock "0:00:05"]
[BlackClock "0:00:01"]

1. e4 e5 2. Nf3 Nc6 3. Bc4 Nf6 4. d3 h6 5. c3 d6 6. O-O g5 7. Bb3 Bg7 8. Nbd2 g4 9. Ne1 d5 10. exd5 Nxd5 11. Ne4 f5 12. Ng3 h5 13. Bg5 Qxg5 14. Bxd5 Bd7 15. Qb3 O-O-O 16. Be6 Rhf8 17. a4 h4 18. Ne2 h3 19. g3 f4 20. Nc2 Kb8 21. Bxd7 Rxd7 22. Rad1 Rfd8 23. d4 f3 24. Nc1 exd4 25. cxd4 Bxd4 26. Nd3 a6 27. Rde1 Bb6 28. Nf4 Qf5 29. Ne3 Qa5 30. Nxg4 1-0


[Site "https://www.chess.com"]

[Event "Titled Tuesday Blitz February 28 Early 2023"]
[White "Seemann, Jakub"]
[Black "Yuan, Qingyu"]
[WhiteFideId "21874697"]
[BlackFideId "8609772"]
[WhiteElo "2364"]
[BlackElo "2359"]
[Result "1-0"]
[Round "06"]
[TimeControl "180+2"]
[Date "2023.02.28"]
[WhiteClock "0:01:25"]
[BlackClock "0:00:01"]

1. Nf3 d5 2. e3 Nf6 3. c4 e6 4. Nc3 Be7 5. b3 O-O 6. Bb2 dxc4 7. Bxc4 a6 8. Qc2 b5 9. Be2 Bb7 10. Rg1 Nbd7 11. g4 Nc5 12. g5 Nd5 13. Nxd5 Qxd5 14. Ne5 Rfd8 15. Bf3 Ne4 16. d3 Qc5 17. Rc1 Qb4+ 18. Ke2 Nc5 19. Bxb7 Nxb7 20. Qxc7 Na5 21. Bc3 Qd6 22. Bxa5 Qa3 23. Rc2 Bd6 24. Qxf7+ Kh8 25. Bc3 Bf8 26. Qxe6 Ra7 27. Nf7+ Rxf7 28. Qxf7 Qd6 29. Qf5 1-0


[Site "https://www.chess.com"]

[Event "Titled Tuesday Blitz February 28 Early 2023"]
[White "Movahed, Sina"]
[Black "Aldokhin, Ivan"]
[WhiteFideId "42520835"]
[BlackFideId "24115720"]
[WhiteElo "2225"]
[BlackElo "2322"]
[Result "1-0"]
[Round "06"]
[TimeControl "180+2"]
[Date "2023.02.28"]
[WhiteClock "0:00:25"]
[BlackClock "0:00:02"]

1. e4 c5 2. Nf3 e6 3. b3 b6 4. d4 cxd4 5. Nxd4 Bb7 6. Nd2 Nc6 7. Nxc6 Bxc6 8. Bb2 Nf6 9. Bd3 Bb4 10. c3 Be7 11. O-O O-O 12. c4 d6 13. Qe2 Qc7 14. f4 Rad8 15. Rac1 Qb7 16. b4 Qa8 17. a3 Rd7 18. Rfe1 Rfd8 19. Nf3 Nh5 20. Qe3 Bf8 21. Bb1 Be7 22. Rcd1 Nf6 23. h3 b5 24. cxb5 Bxb5 25. g4 d5 26. e5 Ne4 27. Nd4 Ba4 28. Rc1 a5 29. b5 Qb7 30. Bd3 Bh4 31. Re2 Rc8 32. Rxc8+ Qxc8 33. Nc6 Rb7 34. Nxa5 Rxb5 35. Bxb5 Bxb5 36. Rg2 Qa6 37. Nb3 Bf1 38. Rc2 g5 39. f5 Bd3 40. Rg2 Bf1 41. Rh2 Bg3 42. Rc2 Bd3 43. Nc5 Nxc5 44. Qxg5+ Kf8 45. Qd8+ Kg7 46. f6+ Kg6 47. Qg8+ Kh6 48. Bc1+ 1-0


[Site "https://www.chess.com"]

[Event "Titled Tuesday Blitz February 28 Early 2023"]
[White "Ingebretsen, Jens E"]
[Black "Sattarov, Bobir"]
[WhiteFideId "1522965"]
[BlackFideId "14203081"]
[WhiteElo "2213"]
[BlackElo "2351"]
[Result "0-1"]
[Round "06"]
[TimeControl "180+2"]
[Date "2023.02.28"]
[WhiteClock "0:00:27"]
[BlackClock "0:01:47"]

1. d4 Nf6 2. c4 c5 3. d5 g6 4. Nc3 Bg7 5. g3 d6 6. Bg2 O-O 7. Nf3 e6 8. O-O exd5 9. cxd5 Re8 10. Nd2 Nbd7 11. Nc4 Nb6 12. Ne3 a6 13. a4 Nh5 14. Ra3 f5 15. a5 Nd7 16. Nc4 Ne5 17. Nb6 Rb8 18. f4 Ng4 19. e4 Bd4+ 20. Kh1 Nf2+ 21. Rxf2 Bxf2 22. Qf3 Bd4 23. Be3 Bxc3 24. Rxc3 Rxe4 25. h3 Bd7 26. Kh2 Qe7 27. Qf2 Nf6 28. Qd2 Re8 29. Bxe4 Nxe4 30. Qc2 Nxc3 31. Nxd7 Qxd7 32. Qxc3 Qg7 33. Qd2 Re4 34. Bf2 Qe7 35. Kg1 Re2 36. Qc3 Qg7 37. Qc4 Qxb2 38. Qa4 Qb1+ 39. Kg2 Qe4+ 0-1


[Site "https://www.chess.com"]

[Event "Titled Tuesday Blitz February 28 Early 2023"]
[White "Postma, Dinant"]
[Black "Fernandez Guillen, Ernesto J."]
[WhiteFideId "1018612"]
[BlackFideId "3512428"]
[WhiteElo "2591"]
[BlackElo "2423"]
[Result "1-0"]
[Round "06"]
[TimeControl "180+2"]
[Date "2023.02.28"]
[WhiteClock "0:00:19"]
[BlackClock "0:01:11"]

1. d4 Nf6 2. Bf4 g6 3. Nc3 d5 4. e3 Bg7 5. h4 h6 6. Nf3 Bf5 7. Bd3 Ne4 8. Bxe4 Bxe4 9. Nxe4 dxe4 10. Nd2 f5 11. c3 O-O 12. Qb3+ Kh7 13. Qxb7 Nd7 14. Qxc7 Qe8 15. O-O Rf7 16. Qa5 e5 17. dxe5 g5 18. hxg5 hxg5 19. Bxg5 Bxe5 20. f4 Bh8 21. Nc4 Rg7 22. Qxf5+ Kg8 23. Nd6 Qb8 24. Qd5+ Kh7 25. Qxe4+ Kg8 26. Qe6+ Kf8 27. Bh6 Nc5 28. Qf7# 1-0


[Site "https://www.chess.com"]

[Event "Titled Tuesday Blitz February 28 Early 2023"]
[White "Borrmann, Laurenz"]
[Black "Mikhailovsky, Vladimir"]
[WhiteFideId "312187930"]
[BlackFideId "34105414"]
[WhiteElo "2307"]
[BlackElo "2282"]
[Result "0-1"]
[Round "06"]
[TimeControl "180+2"]
[Date "2023.02.28"]
[WhiteClock "0:02:04"]
[BlackClock "0:02:25"]

1. e4 e5 2. Nf3 d5 3. exd5 e4 4. Qe2 Nf6 5. d3 Qxd5 6. Nc3 Bb4 7. Bd2 Bxc3 8. Bxc3 O-O 9. Bxf6 exf3 10. gxf3 gxf6 11. Rg1+ Kh8 12. O-O-O Qxa2 13. Qe7 Nd7 14. Bh3 Qa1+ 15. Kd2 Qa5+ 16. b4 Qe5 17. Rde1 Qxe7 18. Rxe7 Ne5 0-1


[Site "https://www.chess.com"]